 Dungeon Crawl Stone Soup version 0.27-a0-686-gaed091b46b (webtiles) character file.

Game seed: 6479947658405878864

58 Lanoc the Skirmisher (level 3, -1/29 HPs)
             Began as a Demonspawn Chaos Knight on Mar 20, 2021.
             Was a Plaything of Xom.
             Slain by an orc
             ... wielding a +0 flail
              (2 damage)
             ... on level 2 of the Dungeon.
             The game lasted 00:01:14 (822 turns).

Lanoc the Skirmisher (Demonspawn Chaos Knight)       Turns: 822, Time: 00:01:15

Health: -1/29      AC:  5    Str: 12    XL:     3   Next: 75%
Magic:  3/3        EV: 11    Int: 13    God:    Xom [.....*]
Gold:   5          SH:  0    Dex: 13    Spells: 2/2 levels left

rFire    . . .     SeeInvis .   a - +0 mace (chaos)
rCold    . . .     Faith    .   (no shield)
rNeg     . . .     Spirit   .   b - +2 leather armour
rPois    .         Reflect  .   (no helmet)
rElec    .         Harm     .   (no cloak)
rCorr    .         Rampage  .   (no gloves)
Will     .....                  (no boots)
Stlth    +.........             (no amulet)
HPRegen  0.09/turn              (no ring)
MPRegen  0.08/turn              (no ring)

@: flying
A: claws 1
a: Renounce Religion


You were on level 2 of the Dungeon.
You worshipped Xom.
You were Xom's teddy bear.
You visited 1 branch of the dungeon, and saw 2 of its levels.

You collected 5 gold pieces.

Inventory:

Hand Weapons
 a - a +0 mace of chaos (weapon)
Armour
 b - a +2 leather armour (worn)
Scrolls
 d - a scroll of teleportation {unknown}
Potions
 e - a potion of degeneration {unknown}


   Skills:
 + Level 3.4 Fighting
 - Level 3.0 Maces & Flails
 + Level 2.3 Armour
 + Level 1.7 Dodging
 * Level 1.0 Unarmed Combat


You had 2 spell levels left.
You didn't know any spells.
Your spell library was empty.

Dungeon Overview and Level Annotations

Branches:
Dungeon (2/15)

Altars:


Innate Abilities, Weirdness & Mutations

You have sharp fingernails.


Message History

The adder barely misses you.
You closely miss the adder. The adder bites you.
You barely miss the adder. The adder bites you but does no damage.
The adder bites you.
You barely miss the adder. The adder bites you.
The giant cockroach waves its antennae.
The adder bites you but does no damage.
You hit the adder but do no damage. The adder bites you.
You hit the adder.
The adder suddenly stops moving!
The adder is moderately wounded.
The helpless adder fails to defend itself.
You hit the adder. You burn the adder.
The adder is severely wounded.
The helpless adder fails to defend itself.
You hit the adder but do no damage.
The adder is severely wounded.
The helpless adder fails to defend itself.
You hit the adder.
You kill the adder!
You hit the giant cockroach but do no damage.
Lightning courses through the giant cockroach!
You kill the giant cockroach!
The jackal bites you.
Your Unarmed Combat skill increases to level 1!
You hit the jackal. You freeze the jackal.
You kill the jackal!
The orc closely misses you.
You hit the orc. You freeze the orc.
The orc is heavily wounded.
The orc hits you with a +0 flail.
* * * LOW HITPOINT WARNING * * *
You hit the orc but do no damage. You drain the orc.
The orc is severely wounded.
The orc hits you with a +0 flail.
* * * LOW HITPOINT WARNING * * *
It was a potion of flight.
You feel very buoyant.
You fly up into the air.
The orc hits you with a +0 flail.
You die... "It was about time."

#######†S.......
#.[.>..g###.....#
#.......# .....# #
#......####.....##.#
#...<........[...#.# #
#.........####........
#......##..### ..#...#
#.......###..l##.....[.
#.####### ###go@.....$.
#. #####.#.... . # . .


You could see an orc (drained), a goblin and a frilled lizard.

Vanquished Creatures
  An adder (D:2)
  A gnoll (D:1)
  2 dart slugs (D:1)
  6 giant cockroaches
  2 hobgoblins (D:1)
  8 jackals
  A bat (D:1)
  3 frilled lizards (D:1)
  4 goblins (D:1)
  2 kobolds (D:1)
  3 rats (D:1)
33 creatures vanquished.

Notes
Turn   | Place    | Note
-------+----------+-------------------------------------------
     0 | D:1      | Lanoc the Demonspawn Chaos Knight began the quest for the
                  | Orb.
     0 | D:1      | Reached XP level 1. HP: 18/18 MP: 1/1
    24 | D:1      | Reached skill level 1 in Dodging
   279 | D:1      | Gained mutation: You have sharp fingernails. [demonic
                  | ancestry]
   279 | D:1      | Reached XP level 2. HP: 24/24 MP: 2/2
   360 | D:1      | XOM: silly message
   540 | D:1      | Reached XP level 3. HP: 24/29 MP: 3/3
   819 | D:2      | Reached skill level 1 in Unarmed Combat
   821 | D:2      | HP: 1/29 [orc/+0 flail (6)]
   822 | D:2      | Slain by an orc

Illustrated notes

Levels and vault maps discovered:
D:1:      minmay_arrival_stair_chambers, layout_basic
D:2:      layout_rooms, yredelemnul_altar_generic, minmay_pentomino_t2

Skill      XL: |  1  2  3 |
---------------+----------+-----
Dodging        | 1 |  1.7
Maces & Flails | 3 |  3.0
Armour         | 2 |  2.3
Unarmed Combat | 1 |  1.0
Fighting       | |  3.4

Action                   || total
-------------------------++-------
Melee: Mace              ||   100
  Use: Potion            ||     1
 Stab: Paralysed         ||     3
       Sleeping          ||     1
Armor: Leather armour    ||    42
Dodge: Dodged            ||    78

Table legend: (Time is in decaauts)
 A = Elapsed time spent in this place.
 B = Non-inter-level travel time spent in this place.
 C = Inter-level travel time spent in this place.
 D = Time resting spent in this place.
 E = Time spent auto-exploring this place.
 F = Levels seen in this place.
 G = Mean time per level.
                   A        B        C        D        E       F      G
               +--------+--------+--------+--------+--------+-----+--------+
         Total |    847 |    842 |      5 |      0 |    650 |   2 |  423.5 |
       Dungeon |    847 |    842 |      5 |      0 |    650 |   2 |  423.5 |
               +--------+--------+--------+--------+--------+-----+--------+

Top non-repeatable levels by time:
     D:1: 742 daAuts
     D:2: 104 daAuts
